 Dungeon Crawl Stone Soup version 0.17-a0-2220-g6fea741 (webtiles) character file.

105 mrath the Digger (level 4, 0/24 HPs)
             Began as a Gargoyle Earth Elementalist on Oct 28, 2015.
             Slain by an ice beast (12 damage)
             ... on level 2 of the Dungeon.
             The game lasted 00:18:59 (2319 turns).

mrath the Digger (Gargoyle Earth Elementalist)      Turns: 2319, Time: 00:18:59

Health: 0/24       AC:  8    Str: 11    XL:     4   Next: 81%
Magic:  1/9        EV: 12    Int: 17    God:
Gold:   102        SH:  0    Dex: 10    Spells: 3 memorised, 4 levels left

rFire  . . .     SeeInvis .     a - 82 stones
rCold  . . .     Clarity  .     b - +0 robe
rNeg   + . .     SustAt   .     (no shield)
rPois  ∞         Gourm    .     (no helmet)
rElec  +         Spirit   .     (no cloak)
rCorr  .         Warding  .     (no gloves)
rMut   .         Stasis   .     (no boots)
MR     .....                    (no amulet)
Stlth  ++........               (no ring)
                                (no ring)

@: stone skin, not resistant to hostile enchantments, unstealthy
A: negative energy resistance 1, electricity resistance, unbreathing,
petrification resistance, rot immunity, AC +3
a: no special abilities


You were on level 2 of the Dungeon.
You were not hungry.

You visited 1 branch of the dungeon, and saw 3 of its levels.

You collected 102 gold pieces.

Inventory:

Hand Weapons
 g - a +0 club
 l - a +0 short sword
 o - a +0 whip of venom
 q - a +0 hunting sling
 t - a +0 hunting sling
Missiles
 a - 82 stones (in hand)
 h - 8 tomahawks (quivered)
Armour
 b - a +0 robe (worn)
Scrolls
 e - a scroll of fear {unknown}
 f - 2 scrolls of noise {unknown}
 i - 7 scrolls of remove curse {unknown}
 j - 3 scrolls of identify {unknown}
 k - a scroll of blinking {unknown}
 y - a scroll of enchant armour {unknown}
Potions
 m - a potion of cancellation {unknown}
 p - a potion of invisibility {unknown}
 r - a potion of might {unknown}
 v - a potion of poison {unknown}
 w - a potion of magic {unknown}
Books
 c - a book of Geomancy

   Spells                             Type                      Level
   a - Sandblast                      Earth                        1
   b - Stoneskin                      Transmutation/Earth          2
   c - Passwall                       Transmutation/Earth          3
   d - Stone Arrow                    Conjuration/Earth            3
   e - Petrify                        Transmutation/Earth          4
   f - Lee's Rapid Deconstruction     Earth                        5
Comestibles
 d - 2 bread rations
 n - 3 meat rations
 s - a royal jelly
 u - 2 beef jerkies
 x - a chunk of flesh


   Skills:
 - Level 1.5 Dodging
 - Level 2.1 Stealth
 * Level 3.5 Spellcasting
 + Level 1.8 Conjurations
 - Level 0.7 Transmutations
 + Level 4.4 Earth Magic


You had 4 spell levels left.
You knew the following spells:

 Your Spells              Type           Power        Failure   Level  Hunger
a - Sandblast             Erth           ###...       2%          1    None
b - Stoneskin             Trmt/Erth      ##......     12%         2    ##.....
c - Stone Arrow           Conj/Erth      ##....       14%         3    ###....


Dungeon Overview and Level Annotations

Branches:
Dungeon (3/15)

Altars:
Cheibriados
Sif Muna
Zin

Shops:
D:2 *


Innate Abilities, Weirdness & Mutations

You are resistant to torment.
Your stone body is resilient (AC +3).
You are immune to poison.
You resist negative energy.
You are resistant to electric shocks.
You can survive without breathing.
You are immune to petrification.
You are immune to rotting.


Message History

The ice beast is moderately wounded.
The ice beast barely misses you.
Casting: Sandblast
Confirm with . or Enter, or press ? or * to list all spells.
Aiming: Sandblast
Press: ? - help, Shift-Dir - straight line, f/p - ice beast
Aim: an ice beast (moderately wounded)
The rocky blast hits the ice beast.
The ice beast is severely wounded.
The ice beast hits you but does no damage.
Casting: Sandblast
Confirm with . or Enter, or press ? or * to list all spells.
Aiming: Sandblast
Press: ? - help, Shift-Dir - straight line, f/p - ice beast
Aim: an ice beast (severely wounded)
The rocky blast hits the ice beast.
The ice beast is almost dead.
The ice beast hits you. The ice beast freezes you!
Ouch! That really hurt!
You die...

# # # # #
##########
#........#
##.######.########
...............Y@#
........#.########
##.###########
......#.)....#
....#......#.#
##..#......#.#
....#......#.#
###........#.#
.#......####.#


You could see an ice beast.

Vanquished Creatures
  5 adders (D:2)
  An ooze (D:1)
  2 worms
  A giant gecko (D:1)
  8 bats
  6 hobgoblins
  3 jackals (D:1)
  2 quokkas (D:2)
  2 giant newts
  4 goblins
  7 kobolds
  6 rats
47 creatures vanquished.

Notes
Turn   | Place    | Note
--------------------------------------------------------------
     0 | D:1      | mrath the Gargoyle Earth Elementalist began the quest for the Orb.
     0 | D:1      | Reached XP level 1. HP: 10/10 MP: 3/3
   258 | D:1      | Reached XP level 2. HP: 15/15 MP: 1/5
   412 | D:1      | Reached skill level 4 in Earth Magic
   781 | D:1      | Reached XP level 3. HP: 19/19 MP: 7/7
   808 | D:1      | Learned a level 2 spell: Stoneskin
   812 | D:1      | Learned a level 3 spell: Stone Arrow
  1537 | D:2      | Reached skill level 1 in Conjurations
  1537 | D:2      | Reached XP level 4. HP: 24/24 MP: 5/8
  1710 | D:2      | Found a snail-covered altar of Cheibriados.
  1990 | D:2      | Found a glowing silver altar of Zin.
  1996 | D:2      | Found Zin's Purification Station.
  2096 | D:2      | Found a deep blue altar of Sif Muna.
  2305 | D:3      | Noticed an ice beast
  2319 | D:2      | Slain by an ice beast

Vault maps used:
D:1:      lightli_arrival_farm, serial_glass, glass_columns_a, glass_columns_a
D:2:      lemuel_doored_altar, zin_purify, led_sif_pool, first_bread
D:3:      grunt_gozag_breadcrumbs, uniq_robin, uniq_iyjb, uniq_terence

Action                   |  1- 3 |  4- 6 || total
-------------------------+-------+-------++-------
Melee: Whip              |    19 |    28 ||    47
Throw: Tomahawk          |     1 |     4 ||     5
 Cast: Sandblast         |    42 |    31 ||    73
       Stoneskin         |       |     1 ||     1
  Eat: Chunk             |     2 |     3 ||     5
